 Dungeon Crawl Stone Soup version 0.24-a0-520-g8fd06ad (webtiles) character file.

Game seed: 8593361230267075724

475 Deaus the Slasher (level 6, -4/48 HPs)
             Began as a Demonspawn Fighter on July 23, 2019.
             Killed by nerve-wracking pain
             ... invoked by an orc priest
              (10 damage)
             ... on level 4 of the Dungeon.
             The game lasted 00:10:53 (3575 turns).

Deaus the Slasher (Demonspawn Fighter)              Turns: 3575, Time: 00:10:53

Health: -4/48      AC: 15    Str: 22    XL:     6   Next: 84%
Magic:  0/6        EV:  6    Int:  9    God:
Gold:   170        SH: 10    Dex: 14    Spells: 5/5 levels left

rFire    + . .     SeeInvis .   a - +0 long sword
rCold    . . .     Gourm    .   c - +0 shield
rNeg     . . .     Faith    .   k - +1 chain mail {MR+}
rPois    .         Spirit   +   e - +0 helmet
rElec    .         Reflect  .   g - +0 cloak
rCorr    .         Harm     .   (no gloves)
MR       +....                  o - +2 pair of boots {Fly}
Stlth    ..........             (no amulet)
HPRegen  0.16/turn              l - ring of protection from fire
MPRegen  0.10/turn              (no ring)

@: mighty, flying
A: claws 2, magic shield
a: Stop Flying


You were on level 4 of the Dungeon.
You were not hungry.

You visited 1 branch of the dungeon, and saw 4 of its levels.

You collected 170 gold pieces.

Inventory:

Hand Weapons
 a - a +0 long sword (weapon)
Armour
 c - a +0 shield (worn)
 e - a +0 helmet (worn)
 g - a +0 cloak (worn)
 k - a +1 chain mail of magic resistance (worn)
 o - a +2 pair of boots of flying (worn)
Jewellery
 l - a ring of protection from fire (left claw)
 u - a +2 ring of strength
Scrolls
 b - 3 scrolls of identify
 h - 2 scrolls of fear
 i - 4 scrolls of teleportation
 j - 3 scrolls of remove curse
Potions
 d - 2 potions of might
 n - 2 potions of agility
 q - a potion of brilliance
Comestibles
 f - 7 rations
 m - a chunk of flesh


   Skills:
 * Level 4.0 Fighting
 * Level 4.5 Long Blades
 * Level 3.7 Armour
 * Level 0.5 Dodging
 * Level 4.2 Shields


You had 5 spell levels left.
You didn't know any spells.
Your spell library was empty.

Dungeon Overview and Level Annotations

Branches:
Dungeon (4/15)
 Temple: D:4-7

Altars:
Dithmenos


Innate Abilities, Weirdness & Mutations

You have very sharp fingernails.
When hurt, damage is shared between your health and your magic reserves.


Message History

You feel very mighty all of a sudden.
The orc priest hits you but does no damage.
You slash the orc priest!
You kill the orc priest!
You butcher the orc corpse.
m - 3 chunks of flesh
Things that are here:
a +0 war axe; an orc skeleton You start resting.
Eating one of 3 chunks of flesh.
You eat one of the 3 chunks of flesh.
This raw flesh tastes terrible.
You are feeling hungry.
The orc priest is too close now for your liking.
You start resting.
Eating one of 2 chunks of flesh.
You eat one of the 2 chunks of flesh.
This raw flesh tastes terrible.
The orc priest is too close now for your liking.
The orc priest hits you but does no damage.
You closely miss the orc priest.
The orc priest mumbles some strange prayers to Beogh against you.
Pain shoots through your body!
You die...

.......##.##########.#
######.##.#.>.....##.#
# #.#....#####.##.#
######.[....###......#
................#.####
######.##.#.#####.# #
#.##.#.# #)#
######.##.#.#####o#
.......##.#.....@.#
#.###.........#####
#..#.......[..#
##.#..##......#
##.#..##..#...#
.)....######..#
......######..#
##....##..#...###
##.#..##........ .


You could see an orc priest.

Vanquished Creatures
  Purgy (D:3)
  A scorpion (D:4)
  A howler monkey (D:3)
  2 orc priests (D:4)
  An orc wizard (D:4)
  2 worker ants (D:4)
  A worker ant zombie (D:2)
  4 gnolls (D:3)
  2 adders (D:3)
  2 oozes
  A worm (D:2)
  2 dart slugs (D:1)
  2 leopard geckos (D:1)
  3 orcs
  9 bats
  3 giant cockroaches
  6 goblins
  9 hobgoblins
  8 jackals
  8 frilled lizards
  13 kobolds
  5 rats
86 creatures vanquished.

Notes
Turn   | Place    | Note
-------+----------+-------------------------------------------
     0 | D:1      | Deaus the Demonspawn Fighter began the quest for the Orb.
     0 | D:1      | Reached XP level 1. HP: 18/18 MP: 1/1
    85 | D:1      | Gained mutation: You have sharp fingernails. [demonic
                  | ancestry]
    85 | D:1      | Reached XP level 2. HP: 24/24 MP: 2/2
   311 | D:1      | You fall into a shaft and drop 1 floor!
   320 | D:2      | Gained mutation: When hurt, damage is shared between your
                  | health and your magic reserves. [demonic ancestry]
   320 | D:2      | Reached XP level 3. HP: 26/29 MP: 3/3
  1019 | D:2      | Gained mutation: You have very sharp fingernails. [demonic
                  | ancestry]
  1019 | D:2      | Reached XP level 4. HP: 34/35 MP: 4/4
  1217 | D:2      | Found a shadowy altar of Dithmenos.
  1712 | D:3      | Noticed Purgy
  1756 | D:3      | Killed Purgy
  1756 | D:3      | Reached XP level 5. HP: 11/41 MP: 2/5
  2695 | D:3      | Reached XP level 6. HP: 48/48 MP: 6/6
  3575 | D:4      | Killed from afar by an orc priest

Levels and vault maps discovered:
D:1:      dpeg_arrival_chambers_temple_mockup, layout_basic, minmay_pentomino_v4
D:2:      layout_loops_ring, nicolae_overflow_hidden_temple, kennysheep_boxes
D:3:      layout_basic, first_ration, nrook_uturn, tgw_sif, uniq_purgy
D:4:      layout_loops_corners, hangedman_decor_growths

Skill      XL: |  1  2  3  4  5  6 |
---------------+-------------------+-----
Long Blades    | 2 3 4 |  4.5
Shields        | 3 4 |  4.2
Armour         | 3 |  3.7
Fighting       | 4 |  4.0
Dodging        | |  0.5

Action                   |  1- 3 |  4- 6 || total
-------------------------+-------+-------++-------
Melee: Long sword        |   159 |   259 ||   418
  Use: Potion            |       |     6 ||     6
       Scroll            |       |     6 ||     6
  Eat: Chunk             |     1 |     9 ||    10
Armor: Scale mail        |    43 |       ||    43
       Chain mail        |    51 |   210 ||   261
Dodge: Dodged            |    38 |    46 ||    84
Block: Shield            |    79 |   142 ||   221
       Rpst.: Long sword |    15 |     6 ||    21

Table legend:
 A = Non-vault XP
 B = Vault XP
 C = Vault XP percentage of total XP
 D = Non-vault monster count
 E = Vault monster count
 F = Vault count percentage of total count
                 A         B        C        D         E       F
            +---------+---------+-------+---------+---------+-------
      Total |     544 |     135 |  19.9 |      81 |       5 |   5.8
            +---------+---------+-------+---------+---------+-------
        D:1 |      61 |       5 |   7.6 |      32 |       4 |  11.1
        D:2 |      44 |       0 |   0.0 |      17 |       0 |   0.0
        D:3 |     178 |     130 |  42.2 |      24 |       1 |   4.0
        D:4 |     261 |       0 |   0.0 |       8 |       0 |   0.0
            +---------+---------+-------+---------+---------+-------
